 Dungeon Crawl Stone Soup version 0.30.1-11-g7821555f0a (webtiles) character file.

Game seed: 7359799809393907686

48 Cheops the Conjurer (level 3, 0/21 (24) HPs)
             Began as a Demonspawn Hedge Wizard on Nov 30, 2023.
             Slain by a gnoll
             ... wielding a +0 club
              (5 damage)
             ... on level 1 of the Dungeon.
             The game lasted 00:08:13 (1447 turns).

Cheops the Conjurer (Demonspawn Hedge Wizard)       Turns: 1447, Time: 00:08:13

HP:   0/21 (24)     AC:  5    Str: 10    XL:     3   Next: 50%
MP:   0/7           EV: 12    Int: 17    God:
Gold: 43            SH:  0    Dex: 12    Spells: 1/8 levels left

rFire   . . .        a - +0 dagger (venom)
rCold   . . .        (no shield)
rNeg    . . .        b - +0 robe
rPois   .            c - +0 hat
rElec   .            f - +0 cloak
rCorr   .            i - +1 pair of gloves
SInv    .            (no boots)
Will    .....        (no amulet)
Stlth   ++           (no ring)
HPRegen 0.23/turn    (no ring)
MPRegen 0.10/turn

%: no passive effects
@: heavily drained
A: demonic guardian 1
a: no special abilities


You were on level 1 of the Dungeon.
You visited 1 branch of the dungeon, and saw 2 of its levels.

You collected 43 gold pieces.

Inventory:

Hand Weapons
 a - a +0 dagger of venom (weapon)
Armour
 b - a +0 robe (worn)
 c - a +0 hat (worn)
 f - a +0 cloak (worn)
 i - a +1 pair of gloves (worn)
Scrolls
 e - a scroll of fog {unknown}
 j - a scroll of magic mapping {unknown}
Potions
 d - 2 potions of magic
 g - a potion of curing {unknown}
 h - a potion of invisibility {unknown}


   Skills:
 - Level 1.8 Dodging
 - Level 1.8 Stealth
 - Level 3.0 Spellcasting
 + Level 3.2 Conjurations
 - Level 1.1 Summonings
 - Level 1.0 Translocations


You had one spell level left.
You knew the following spells:

 Your Spells              Type           Power      Damage    Failure   Level
a - Magic Dart            Conj           52%        1d5       4%          1
i - Call Imp              Summ           12%        N/A       17%         2
r - Cigotuvi's Dreadful   Necr/Pois/Air  4%         N/A       26%         2
B - Blink                 Tloc           12%        N/A       17%         2

Your spell library contained the following spells:

 Spells                   Type           Power      Damage    Failure   Level
 Slow                     Hex            8%         N/A       17%         1
 Mephitic Cloud           Conj/Pois/Air  6%         N/A       32%         3


Dungeon Overview and Level Annotations

Branches:
Dungeon (2/15)

Altars:


Innate Abilities, Weirdness & Mutations

A weak demonic guardian rushes to your aid.


Message History

* * * LOW HITPOINT WARNING * * *
Your quasit bites the gnoll but does no damage.
Your quasit barely misses the gnoll.
Your quasit claws the gnoll but does no damage.
The gnoll misses your quasit. The gnoll closely misses your quasit.
The gnoll attacks as you move away! The gnoll closely misses you.
Your quasit closely misses the gnoll. x2
Your quasit claws the gnoll but does no damage.
The gnoll attacks as you move away! The gnoll closely misses you.
Your quasit bites the gnoll.
Your quasit claws the gnoll but does no damage.
Your quasit barely misses the gnoll.
The gnoll attacks as you move away! The gnoll hits you with a +0 club.
* * * LOW HITPOINT WARNING * * *
There is a stone staircase leading up here.
Your quasit bites the gnoll.
Your quasit closely misses the gnoll. x2
The gnoll misses you.
You climb upwards.
There is a stone staircase leading down here.
Casting: Cigotuvi's Dreadful Rot (quite dangerous; 26% risk of failure)
Confirm with . or Enter, or press ? or * to list all spells.
Aiming: Magic Dart (safe; 4% risk of failure)
Press: ? - help, Shift-Dir - straight line, f - gnoll
Aim: a gnoll, wielding a +0 club (lightly wounded, 100% to hit)
The magic dart hits the gnoll.
The gnoll is moderately wounded.
The gnoll hits you with a +0 club.
* * * LOW HITPOINT WARNING * * *
A demonic guardian appears!
Casting: Magic Dart (safe; 4% risk of failure)
Confirm with . or Enter, or press ? or * to list all spells.
Aiming: Magic Dart (safe; 4% risk of failure)
Press: ? - help, Shift-Dir - straight line, f/p - gnoll
Aim: a gnoll, wielding a +0 club (moderately wounded, ally target, 100% to hit)
The magic dart hits the gnoll.
The gnoll is moderately wounded.
Your ufetubus hits the gnoll but does no damage.
Your ufetubus barely misses the gnoll.
The gnoll hits you with a +0 club.
You die...

#.......'..#
#.......##.#
#..........#####
#..........)...#
#..............#
##'###.........####
#.# ###'####......
#÷#####.####.....)
####@.5..............
#..#.g.#...##########
#..#.#..#.###########
#..#.#......).÷÷...)^
#..#.#.##'###########
#..#.#......#
#†.#.###....#
#.##....)...#####
#.##............#


You could see a gnoll (ally target) and a friendly ufetubus (summoned).

Vanquished Creatures
  2 adders
  3 bats
  4 endoplasms
  A giant cockroach (D:1)
  4 goblins (D:1)
  4 hobgoblins
  A quokka (D:2)
  2 ball pythons
  2 frilled lizards (D:1)
  3 kobolds (D:1)
  2 rats
28 creatures vanquished.

Notes
Turn   | Place    | Note
-------+----------+-------------------------------------------
     0 | D:1      | Cheops the Demonspawn Hedge Wizard began the quest for the
                  | Orb.
     0 | D:1      | Reached XP level 1. HP: 13/13 MP: 4/4
    62 | D:1      | Reached skill level 1 in Translocations
   250 | D:1      | Gained mutation: A weak demonic guardian rushes to your
                  | aid. [demonic ancestry]
   250 | D:1      | Reached XP level 2. HP: 19/19 MP: 1/6
   875 | D:1      | Learned a level 2 spell: Call Imp
   878 | D:1      | Learned a level 2 spell: Blink
   881 | D:1      | Learned a level 2 spell: Cigotuvi's Dreadful Rot
  1119 | D:1      | Reached XP level 3. HP: 14/24 MP: 0/7
  1447 | D:1      | Slain by a gnoll

Illustrated notes

Levels and vault maps discovered:
D:1:      lightli_molten_gateway, layout_basic
D:2:      layout_loops_corners, basic_altar

Skill      XL: |  1  2  3 |
---------------+----------+-----
Translocations | 1 |  1.0
Conjurations   | 2 3 |  3.2
Dodging        | |  1.8
Stealth        | |  1.8
Spellcasting   | |  3.0
Summonings     | |  1.1

Action                     || total
---------------------------++-------
  Melee: Dagger            ||    19
   Cast: Magic Dart        ||    70
         Cigotuvi's Dreadf ||     1
 Armour: Robe              ||    18
  Dodge: Dodged            ||    34
